[Event "12th Philadelphia Open"]
[Site "Philadelphia"]
[Date "2018.03.31"]
[Round "6"]
[White "Kretchetov, Alexandre"]
[Black "Li, Ben"]
[Result "0-1"]
[ECO "D45"]
[WhiteElo "2244"]
[BlackElo "2347"]
[PlyCount "88"]
[EventDate "2018.03.??"]
[EventType "swiss"]
[EventRounds "9"]
[EventCountry "USA"]
[TimeControl "5400+30"]

1. Nf3 d5 2. d4 Nf6 3. c4 e6 4. Nc3 c6 5. e3 Nbd7 6. Qc2 b6 7. b3 Bb7 8. Be2
Rc8 9. O-O c5 10. Bb2 cxd4 11. Nxd4 dxc4 12. Bxc4 Bd6 13. Qe2 O-O 14. Rfd1 Qe7
15. Rac1 Nc5 16. f3 Rfd8 17. a3 Ncd7 18. Ba6 Ne5 19. Bxb7 Qxb7 20. Ncb5 Bb8 21.
Rxc8 Rxc8 22. e4 h5 23. Nc2 Qe7 24. Nb4 Ng6 25. Na6 Be5 26. Bxe5 Nxe5 27. Qb2
Ng6 28. Qd2 Kh7 29. a4 e5 30. Qd6 Qxd6 31. Nxd6 Rc2 32. g3 Kg8 33. Nf5 h4 34.
gxh4 Nf4 35. Rd8+ Kh7 36. Rf8 Nh3+ 37. Kf1 Rf2+ 38. Ke1 Rxf3 39. Rxf7 Nxe4 40.
Rxg7+ Kh8 41. Rf7 Nf4 42. Kd1 Rf1+ 43. Kc2 Rf2+ 44. Kd1 Nc3+ 0-1

[Event "12th Philadelphia Open"]
[Site "Philadelphia"]
[Date "2018.03.31"]
[Round "6"]
[White "Miyasaka, Marcus"]
[Black "Niemann, Hans"]
[Result "1/2-1/2"]
[ECO "C07"]
[WhiteElo "2134"]
[BlackElo "2302"]
[PlyCount "91"]
[EventDate "2018.03.??"]
[EventType "swiss"]
[EventRounds "9"]
[EventCountry "USA"]
[TimeControl "5400+30"]

1. e4 e6 2. d4 d5 3. Nd2 c5 4. exd5 Qxd5 5. Ngf3 cxd4 6. Bc4 Qd7 7. O-O Nc6 8.
Nb3 a6 9. Nbxd4 Nxd4 10. Nxd4 Qc7 11. Qe2 Bd6 12. Re1 Ne7 13. h3 O-O 14. Bd3 e5
15. Nf3 f6 16. c4 Bf5 17. Bxf5 Nxf5 18. b3 Qc6 19. Bb2 Rad8 20. Rac1 Bc5 21.
Rcd1 Ng3 22. Qc2 Rxd1 23. Rxd1 Ne4 24. Rf1 Rd8 25. Kh1 a5 26. Bc3 b6 27. Be1
Rd7 28. Nd2 Ng5 29. h4 Ne6 30. f3 Be3 31. Ne4 Nc5 32. Nc3 Nd3 33. Bg3 Bh6 34.
Rd1 Nb4 35. Qe2 Kf7 36. a3 Na6 37. Bf2 Nc5 38. b4 axb4 39. axb4 Rxd1+ 40. Qxd1
Nd7 41. Qd5+ Qxd5 42. Nxd5 Bd2 43. Kg1 b5 44. cxb5 Ke6 45. Nc7+ Kd6 46. Na6
1/2-1/2

[Event "12th Philadelphia Open"]
[Site "Philadelphia"]
[Date "2018.03.31"]
[Round "6"]
[White "Mulyar, Michael"]
[Black "Shabalov, Alexander"]
[Result "0-1"]
[ECO "D43"]
[WhiteElo "2396"]
[BlackElo "2568"]
[PlyCount "96"]
[EventDate "2018.03.??"]
[EventType "swiss"]
[EventRounds "9"]
[EventCountry "USA"]
[TimeControl "5400+30"]

1. d4 d5 2. c4 c6 3. Nf3 e6 4. Bg5 Nf6 5. Nc3 Nbd7 6. cxd5 exd5 7. e3 h6 8. Bh4
g5 9. Bg3 Nh5 10. Qc2 Nxg3 11. hxg3 Bg7 12. O-O-O Nb6 13. Bd3 Be6 14. Ne5 Qe7
15. f4 O-O-O 16. Rhe1 Kb8 17. e4 gxf4 18. gxf4 Bxe5 19. fxe5 c5 20. dxc5 Qxc5
21. Nxd5 Qa5 22. b4 Qa3+ 23. Qb2 Qxb2+ 24. Kxb2 Nxd5 25. exd5 Rxd5 26. Bc2 Rg8
27. Rxd5 Bxd5 28. Rd1 Bc6 29. Bb3 Rxg2+ 30. Kc3 Re2 31. Rd8+ Kc7 32. Rf8 Re3+
33. Kd4 Re4+ 34. Kc3 Rxe5 35. Rxf7+ Kb6 36. Rf6 Re3+ 37. Kb2 Rh3 38. Ba4 a6 39.
Bxc6 bxc6 40. a4 h5 41. Rh6 Rh1 42. Kb3 h4 43. Rh7 a5 44. bxa5+ Kxa5 45. Rh5+
Ka6 46. Rh6 Kb7 47. a5 h3 48. a6+ Ka7 0-1

[Event "12th Philadelphia Open"]
[Site "Philadelphia"]
[Date "2018.03.31"]
[Round "6"]
[White "Otchiyev, Arslan"]
[Black "Popilski, Gil"]
[Result "0-1"]
[ECO "C03"]
[WhiteElo "2369"]
[BlackElo "2502"]
[PlyCount "76"]
[EventDate "2018.03.??"]
[EventType "swiss"]
[EventRounds "9"]
[EventCountry "USA"]
[TimeControl "5400+30"]

1. e4 e6 2. d4 d5 3. Nd2 a6 4. Ngf3 c5 5. exd5 exd5 6. Be2 Nc6 7. O-O Nf6 8.
Re1 Be6 9. dxc5 Bxc5 10. Nb3 Bb6 11. Nbd4 O-O 12. Bg5 Bg4 13. c3 Qd6 14. h3 Bd7
15. Bd3 Rfe8 16. Qd2 Nxd4 17. cxd4 Ne4 18. Qf4 Qxf4 19. Bxf4 f6 20. Bc2 g5 21.
Bb3 Bc6 22. Be3 Re7 23. Red1 Rae8 24. Nd2 Ng3 25. Nf1 Ne4 26. Nd2 Nd6 27. g4
Rxe3 28. fxe3 Rxe3 29. Nf1 Re2 30. Rab1 Ne4 31. Re1 Bxd4+ 32. Kh1 Rxe1 33. Rxe1
Kf8 34. Ne3 Bxe3 35. Rxe3 d4 36. Rxe4 Bxe4+ 37. Kg1 Ke7 38. Kf2 Kd6 0-1

[Event "12th Philadelphia Open"]
[Site "Philadelphia"]
[Date "2018.03.31"]
[Round "6"]
[White "Saravanan, V."]
[Black "Kumar, Naman"]
[Result "1/2-1/2"]
[ECO "C19"]
[WhiteElo "2326"]
[BlackElo "2045"]
[PlyCount "40"]
[EventDate "2018.03.??"]
[EventType "swiss"]
[EventRounds "9"]
[EventCountry "USA"]
[TimeControl "5400+30"]

1. e4 e6 2. d4 d5 3. Nc3 Bb4 4. e5 c5 5. a3 Bxc3+ 6. bxc3 Ne7 7. Nf3 Qc7 8. h4
Bd7 9. h5 h6 10. Bd3 Ba4 11. O-O Nbc6 12. Re1 c4 13. Bf1 O-O-O 14. Nh4 g5 15.
Nf3 Ng8 16. Nh2 f5 17. exf6 Nxf6 18. Re3 Kb8 19. Be2 Rde8 20. Rh3 Qh7 1/2-1/2

[Event "12th Philadelphia Open"]
[Site "Philadelphia"]
[Date "2018.03.31"]
[Round "6"]
[White "Subervi, Jonathan"]
[Black "Shetty, Atulya"]
[Result "1/2-1/2"]
[ECO "D00"]
[WhiteElo "2145"]
[BlackElo "2391"]
[PlyCount "78"]
[EventDate "2018.03.??"]
[EventType "swiss"]
[EventRounds "9"]
[EventCountry "USA"]
[TimeControl "5400+30"]

1. d4 d5 2. Bf4 Nf6 3. e3 c5 4. c3 Nc6 5. Nd2 e6 6. Ngf3 Be7 7. Bd3 Nh5 8. Be5
f6 9. Bg3 g6 10. Qe2 Qb6 11. O-O-O Qa5 12. dxc5 Qxa2 13. Kc2 Qa4+ 14. Nb3 e5
15. Nfd4 exd4 16. Ra1 Qxa1 17. Rxa1 dxc3 18. bxc3 Nxg3 19. hxg3 Ne5 20. Bb5+
Kf7 21. f4 Nc6 22. g4 h5 23. gxh5 Rxh5 24. g4 Rh4 25. Rg1 Bd7 26. Qf3 Rah8 27.
Bd3 Kg7 28. Qxd5 Bxg4 29. Nd4 R8h5 30. Qe4 Rh2+ 31. Kb1 f5 32. Qd5 Rd2 33. Bc4
Kh6 34. Qg8 Bf6 35. Nxc6 bxc6 36. Qe6 Bxc3 37. Qxc6 Rhh2 38. Rh1 Rb2+ 39. Kc1
Rbc2+ 1/2-1/2

[Event "12th Philadelphia Open"]
[Site "Philadelphia"]
[Date "2018.03.31"]
[Round "6"]
[White "Tang, Andrew"]
[Black "Guo, Arthur"]
[Result "1-0"]
[ECO "E32"]
[WhiteElo "2509"]
[BlackElo "2208"]
[PlyCount "89"]
[EventDate "2018.03.??"]
[EventType "swiss"]
[EventRounds "9"]
[EventCountry "USA"]
[TimeControl "5400+30"]

1. d4 Nf6 2. c4 e6 3. Nc3 Bb4 4. Qc2 O-O 5. Nf3 c5 6. dxc5 Na6 7. g3 Nxc5 8.
Bg2 b6 9. O-O Bb7 10. Nb5 Be4 11. Qd1 Nb7 12. a3 Be7 13. Bf4 a6 14. Nc3 Bc6 15.
b4 Ne4 16. Nxe4 Bxe4 17. Qb3 Bf6 18. Rac1 Qe7 19. Qe3 Bc6 20. Qxb6 Rfc8 21. Qe3
d6 22. Qd2 a5 23. Be3 axb4 24. axb4 Ra4 25. Rfd1 Rca8 26. b5 Be4 27. Bd4 e5 28.
Bb6 Rc8 29. Qe3 Bg6 30. Qb3 Rca8 31. c5 dxc5 32. Nxe5 Qxe5 33. Bxb7 Rb4 34. Qd5
Re8 35. Bxc5 Qxd5 36. Bxd5 Rb2 37. b6 Be5 38. Bc6 Rb8 39. b7 h5 40. Ba7 Rf8 41.
Bf3 Bf5 42. Rd5 f6 43. b8=Q Rbxb8 44. Bxb8 Rxb8 45. Bxh5 1-0

[Event "12th Philadelphia Open"]
[Site "Philadelphia"]
[Date "2018.03.31"]
[Round "6.1"]
[White "Zhou, Jianchao"]
[Black "Sevian, Samuel"]
[Result "1/2-1/2"]
[ECO "C15"]
[WhiteElo "2611"]
[BlackElo "2619"]
[PlyCount "32"]
[EventDate "2018.03.??"]
[EventType "swiss"]
[EventRounds "9"]
[EventCountry "USA"]
[TimeControl "5400+30"]
[WhiteClock "0:50:54"]
[BlackClock "1:31:29"]

1. e4 e6 2. d4 d5 3. Nc3 Bb4 4. exd5 exd5 5. Bd3 Nf6 6. Nge2 O-O 7. O-O c6 8. Ng3 Re8 9. h3 Nbd7 10.
Qf3 Nf8 11. a3 Be7 12. Bd2 Ng6 13. Rfe1 Nh4 14. Qf4 Ng6 15. Qf3 Nh4 16. Qf4 Ng6 1/2-1/2

[Event "12th Philadelphia Open"]
[Site "Philadelphia"]
[Date "2018.03.31"]
[Round "6.2"]
[White "Azarov, Sergei"]
[Black "Checa, Nicolas"]
[Result "1/2-1/2"]
[ECO "D45"]
[WhiteElo "2570"]
[BlackElo "2485"]
[PlyCount "37"]
[EventDate "2018.03.??"]
[EventType "swiss"]
[EventRounds "9"]
[EventCountry "USA"]
[TimeControl "5400+30"]
[WhiteClock "1:11:39"]
[BlackClock "1:14:27"]

1. d4 d5 2. c4 c6 3. Nc3 Nf6 4. e3 e6 5. Nf3 Nbd7 6. Be2 Bd6 7. O-O O-O 8. a4 a5 9. b3 b6 10. Bb2 Bb7 11. Qc2 Rc8 12. Rac1 Qe7 13. Qb1 Rfe8 14. Rfd1 h6 15. h3 Qf8 16. Qa1 Qe7 17. Qb1 Qf8 18. Qa1 Qe7 19. Qb1 1/2-1/2

[Event "12th Philadelphia Open"]
[Site "Philadelphia"]
[Date "2018.03.31"]
[Round "6.4"]
[White "Li, Ruifeng"]
[Black "Hong, Andrew"]
[Result "1-0"]
[ECO "B20"]
[WhiteElo "2585"]
[BlackElo "2365"]
[PlyCount "117"]
[EventDate "2018.03.??"]
[EventType "swiss"]
[EventRounds "9"]
[EventCountry "USA"]
[TimeControl "5400+30"]
[WhiteClock "0:12:54"]
[BlackClock "0:00:04"]

1. e4 c5 2. Ne2 Nf6 3. Nbc3 d5 4. exd5 Nxd5 5. g3 Nc6 6.
Bg2 Nc7 7. O-O g6 8. d3 Bg7 9. Ne4 Na6 10. c3 Bf5 11. Be3 Rc8 12. Nxc5 Nxc5 13. Bxc5 Qxd3 14. Qxd3 Bxd3 15. Rfe1 Rc7 16. Nf4 Bf5 17. Rad1 e5 18. Nd5 Rd7 19. b4 b6 20. Be3 Ne7 21. c4 Nxd5 22. Bxd5 O-O 23. Bc6 Rxd1 24. Rxd1 Rc8 25. Bb7 Rb8 26. c5 Bf6 27. c6 Bd8 28.
a4 f6 29. a5 Kf7 30. b5 Ke7 31. axb6 axb6 32. Bd2 Bc7 33. Bb4+ Ke8 34. Ra1 Bd3 35. Ra7 Bxb5 36. Ba8 Rc8 37. f3 Kd8 38. Kf2 h5 39. h4 Ke8 40. Ke3 Kd8 41. Ke4 Bc4 42. g4 hxg4 43. fxg4 Be2 44. Bb7 Rb8 45. g5 fxg5 46. hxg5 Bc4 47. Bc3 b5 48. Ba6 Rb6 49. Bb7 b4 50. Bxe5 Bxe5 51. Kxe5 Kc7 52. Ba8+ Kb8 53. c7+ Kc8 54. Bf3 Be6 55. Be2 b3 56. Ra6 Kxc7 57. Rxb6 Kxb6 58. Kxe6 b2 59. Bd3 1-0

[Event "12th Philadelphia Open"]
[Site "Philadelphia"]
[Date "2018.03.31"]
[Round "7"]
[White "Burke, John M"]
[Black "Katz, Alexander"]
[Result "1-0"]
[ECO "B09"]
[WhiteElo "2525"]
[BlackElo "2347"]
[PlyCount "89"]
[EventDate "2018.03.??"]
[EventType "swiss"]
[EventRounds "9"]
[EventCountry "USA"]
[TimeControl "5400+30"]

1. e4 d6 2. d4 Nf6 3. Nc3 g6 4. f4 Bg7 5. Bd3 O-O 6. Nf3 Nc6 7. e5 dxe5 8. fxe5
Nh5 9. Be3 Bg4 10. Be2 f6 11. exf6 exf6 12. d5 Qe7 13. Qd2 Rad8 14. O-O-O Rfe8
15. Rhe1 Qf8 16. Kb1 f5 17. Bg5 Nf6 18. Qf4 Nb4 19. h3 Bh5 20. Qc4 b5 21. Qb3
Kh8 22. a3 Na6 23. Bxb5 Rxe1 24. Rxe1 Nc5 25. Qc4 Rb8 26. Ne5 a6 27. d6 axb5
28. Qxc5 cxd6 29. Qxd6 h6 30. Qxf8+ Rxf8 31. Bxf6 Bxf6 32. Nxb5 Bh4 33. Re3 f4
34. Re4 Kg7 35. Nd3 g5 36. Nd4 f3 37. gxf3 Bxf3 38. Rxh4 gxh4 39. Ne6+ Kf7 40.
Nxf8 Kxf8 41. Kc1 Ke7 42. Kd2 Kd6 43. Ke3 Bg2 44. Nf4 Bf1 45. Kd4 1-0

[Event "12th Philadelphia Open"]
[Site "Philadelphia"]
[Date "2018.03.31"]
[Round "7"]
[White "Homa, Seth"]
[Black "Zhou, Liran"]
[Result "1-0"]
[ECO "E92"]
[WhiteElo "2247"]
[BlackElo "2046"]
[PlyCount "91"]
[EventDate "2018.03.??"]
[EventType "swiss"]
[EventRounds "9"]
[EventCountry "USA"]
[TimeControl "5400+30"]

1. c4 Nf6 2. Nc3 g6 3. e4 d6 4. d4 Bg7 5. Nf3 O-O 6. Be2 e5 7. d5 a5 8. O-O Na6
9. Bg5 h6 10. Bh4 Qe8 11. Nd2 Bd7 12. b3 Nh7 13. Rb1 h5 14. f3 Bh6 15. a3 Be3+
16. Kh1 Nc5 17. Qc2 g5 18. Be1 Qe7 19. b4 axb4 20. axb4 Na4 21. Nd1 Bxd2 22.
Bxd2 f5 23. Nf2 f4 24. c5 dxc5 25. bxc5 Qxc5 26. Qxc5 Nxc5 27. Bb4 b6 28. Bxc5
bxc5 29. Nd3 Rfe8 30. Nxc5 Re7 31. Ra1 Rxa1 32. Rxa1 Kf7 33. Ra7 Bc8 34. Bc4
Kf6 35. Ra8 Bd7 36. Ra6+ Kg7 37. Ra7 Nf8 38. Rxc7 Kf6 39. d6 Rg7 40. h3 g4 41.
hxg4 hxg4 42. Nxd7+ Rxd7 43. Rxd7 Nxd7 44. fxg4 Nc5 45. Bd5 Nd3 46. g5+ 1-0

[Event "12th Philadelphia Open"]
[Site "Philadelphia"]
[Date "2018.03.31"]
[Round "7"]
[White "Mujumdar, Sameer"]
[Black "Otchiyev, Arslan"]
[Result "0-1"]
[ECO "A16"]
[WhiteElo "2092"]
[BlackElo "2369"]
[PlyCount "138"]
[EventDate "2018.03.??"]
[EventType "swiss"]
[EventRounds "9"]
[EventCountry "USA"]
[TimeControl "5400+30"]

1. c4 Nf6 2. Nc3 g6 3. g3 Bg7 4. Bg2 O-O 5. e3 d6 6. Nge2 c6 7. d4 Nbd7 8. O-O
Qc7 9. b3 a6 10. Bb2 Rb8 11. d5 Re8 12. Qd2 Nf8 13. Rac1 c5 14. e4 b5 15. cxb5
axb5 16. b4 N6d7 17. Nd1 Bxb2 18. Nxb2 Qa7 19. Nd3 c4 20. Ne1 Ne5 21. Nd4 Bd7
22. Rc2 Ra8 23. Ndf3 Qb6 24. Qc3 f6 25. Nxe5 dxe5 26. Rd2 Qa7 27. Nf3 Qa3 28.
Rc1 Qxc3 29. Rxc3 Ra4 30. Rb2 e6 31. Ne1 Rea8 32. Rcc2 exd5 33. exd5 Bf5 34. d6
R8a6 35. Rc1 Rxd6 36. Bf3 Ne6 37. g4 Bd3 38. Nxd3 Rxd3 39. Bc6 Nd4 40. Rxc4
bxc4 41. Bxa4 c3 42. Rb1 c2 43. Bxc2 Nxc2 44. b5 Na3 45. Rb4 Rd7 46. b6 Rb7 47.
Ra4 Nb5 48. Ra8+ Kf7 49. a4 Nd6 50. Ra7 Ke6 51. a5 Rb8 52. Rxh7 g5 53. Kg2 Kd5
54. Rc7 Nc4 55. Rd7+ Kc5 56. Rf7 Nxa5 57. Rxf6 Rg8 58. Kg3 Nc4 59. b7 Nd6 60.
Rg6 Rb8 61. Rg7 Rxb7 62. Rxb7 Nxb7 63. h4 gxh4+ 64. Kxh4 Kd5 65. Kg5 Ke6 66.
Kh4 Nc5 67. f3 Kf6 68. Kh5 Ne6 69. Kh6 Ng5 0-1

[Event "12th Philadelphia Open"]
[Site "Philadelphia"]
[Date "2018.03.31"]
[Round "7"]
[White "Niemann, Hans"]
[Black "Subervi, Jonathan"]
[Result "1-0"]
[ECO "D30"]
[WhiteElo "2302"]
[BlackElo "2145"]
[PlyCount "87"]
[EventDate "2018.03.??"]
[EventType "swiss"]
[EventRounds "9"]
[EventCountry "USA"]
[TimeControl "5400+30"]

1. d4 d5 2. c4 e6 3. Nf3 Nf6 4. g3 Bb4+ 5. Bd2 Bd6 6. Bg2 O-O 7. O-O Ne4 8. Nc3
Nxd2 9. Nxd2 c6 10. e4 Nd7 11. exd5 exd5 12. cxd5 cxd5 13. Nxd5 Nb6 14. Nxb6
axb6 15. Ne4 Be7 16. Qd2 f5 17. Nc3 f4 18. Qd3 Ra5 19. d5 Bg4 20. Be4 Bd6 21.
a3 Kh8 22. Ne2 Qg5 23. b4 Raa8 24. Nd4 Qh5 25. Bf3 Bxf3 26. Qxf3 Qe5 27. Ne6
Rf5 28. g4 Qxd5 29. Qxd5 Rxd5 30. Rfd1 Rxd1+ 31. Rxd1 Be5 32. Rd5 Bb2 33. Nxf4
Kg8 34. Rb5 Rxa3 35. Rxb6 Rf3 36. Ne6 Rf6 37. g5 Rf5 38. Rxb7 Re5 39. Rxg7+ Kh8
40. Re7 Kg8 41. f4 Re2 42. f5 Ba3 43. f6 Bxb4 44. f7+ 1-0

[Event "12th Philadelphia Open"]
[Site "Philadelphia"]
[Date "2018.03.31"]
[Round "7"]
[White "Panda, Vedic"]
[Black "Ni, Winston"]
[Result "1/2-1/2"]
[ECO "D26"]
[WhiteElo "2021"]
[BlackElo "1963"]
[PlyCount "52"]
[EventDate "2018.03.??"]
[EventType "swiss"]
[EventRounds "9"]
[EventCountry "USA"]
[TimeControl "5400+30"]

1. d4 d5 2. c4 dxc4 3. Nf3 Nf6 4. e3 e6 5. Bxc4 a6 6. O-O b5 7. Bb3 Bb7 8. a4
Nbd7 9. Qe2 c5 10. Rd1 Be7 11. Nbd2 Qb6 12. axb5 axb5 13. Rxa8+ Bxa8 14. dxc5
Bxc5 15. Bc2 O-O 16. b3 Bc6 17. Bb2 Qb7 18. e4 Ra8 19. Bb1 h6 20. Rc1 Qb6 21.
Ne1 e5 22. Nd3 Bd6 23. Kh1 Re8 24. f3 Nf8 25. Nf1 Ng6 26. Ne3 Bd7 1/2-1/2

[Event "12th Philadelphia Open"]
[Site "Philadelphia"]
[Date "2018.03.31"]
[Round "7"]
[White "Popilski, Gil"]
[Black "Brodsky, David"]
[Result "1-0"]
[ECO "E12"]
[WhiteElo "2502"]
[BlackElo "2409"]
[PlyCount "113"]
[EventDate "2018.03.??"]
[EventType "swiss"]
[EventRounds "9"]
[EventCountry "USA"]
[TimeControl "5400+30"]

1. Nf3 Nf6 2. c4 b6 3. d4 e6 4. a3 Ba6 5. Nbd2 Bb7 6. e3 Be7 7. Bd3 d5 8. Qa4+
Nbd7 9. cxd5 exd5 10. Ne5 O-O 11. Bb5 Nxe5 12. dxe5 Ne4 13. Nxe4 dxe4 14. Bd2
Qd5 15. Bc3 a6 16. Bc4 Qc5 17. Bd4 Qc6 18. Qxc6 Bxc6 19. e6 f6 20. b4 Rfd8 21.
Ke2 Kf8 22. g4 Ba4 23. Rac1 c5 24. bxc5 bxc5 25. Ba1 Rd6 26. Rb1 Rad8 27. Rhc1
Bb5 28. Bxb5 axb5 29. Rxb5 Rxe6 30. Rc4 Ra8 31. Bb2 Ra7 32. Rb8+ Kf7 33. h3 g6
34. Kd1 Bd6 35. Rc8 Be5 36. Bc1 Bd6 37. a4 f5 38. Ba3 Re8 39. Rc6 Rd8 40. Ke2
Rb7 41. gxf5 gxf5 42. Rc2 f4 43. exf4 Rb1 44. Rb2 Ra1 45. Rb7+ Kg8 46. Bb2 Ra2
47. Ke3 Bf8 48. Ra6 Re8 49. f5 c4 50. f6 Bh6+ 51. f4 exf3+ 52. Kxf3 Rf8 53. Ke4
Rf7 54. Ra8+ Bf8 55. Rbb8 h5 56. Kf5 c3 57. Kg6 1-0

[Event "12th Philadelphia Open"]
[Site "Philadelphia"]
[Date "2018.03.31"]
[Round "7"]
[White "Shabalov, Alexander"]
[Black "Panchanatham, Vignesh"]
[Result "1/2-1/2"]
[ECO "D11"]
[WhiteElo "2568"]
[BlackElo "2384"]
[PlyCount "65"]
[EventDate "2018.03.??"]
[EventType "swiss"]
[EventRounds "9"]
[EventCountry "USA"]
[TimeControl "5400+30"]

1. d4 d5 2. c4 c6 3. Nf3 Nf6 4. Nbd2 g6 5. g3 Bg7 6. Bg2 O-O 7. O-O Ne4 8. Qb3
f5 9. Ne5 e6 10. Ndf3 a5 11. Qc2 Nd7 12. Bf4 g5 13. Nxd7 Bxd7 14. Be5 g4 15.
Ne1 Bxe5 16. dxe5 Qg5 17. Rd1 h5 18. f4 Qe7 19. Bxe4 Qc5+ 20. Kg2 fxe4 21. cxd5
Qxc2 22. Nxc2 exd5 23. Ne3 Bf5 24. Kf2 Ra6 25. h3 gxh3 26. Nxf5 Rxf5 27. Rh1
Rb6 28. Rd2 Rb4 29. Ke3 Rc4 30. Rd4 Rc2 31. Rd2 Rc4 32. Rd4 Rc2 33. Rd2 1/2-1/2

[Event "12th Philadelphia Open"]
[Site "Philadelphia"]
[Date "2018.03.31"]
[Round "7"]
[White "Shetty, Atulya"]
[Black "Miyasaka, Marcus"]
[Result "1/2-1/2"]
[ECO "A15"]
[WhiteElo "2391"]
[BlackElo "2134"]
[PlyCount "75"]
[EventDate "2018.03.??"]
[EventType "swiss"]
[EventRounds "9"]
[EventCountry "USA"]
[TimeControl "5400+30"]

1. c4 Nf6 2. g3 e6 3. Bg2 d5 4. Nf3 Nc6 5. O-O d4 6. e3 Be7 7. exd4 Nxd4 8.
Nxd4 Qxd4 9. Qa4+ Nd7 10. Nc3 O-O 11. Nb5 Qb6 12. d3 c6 13. Nc3 e5 14. Qc2 Nc5
15. Re1 Qc7 16. Qe2 Bf6 17. Ne4 Nxe4 18. Bxe4 Be6 19. h4 Qd7 20. Bd2 Rad8 21.
Bc3 Rfe8 22. b4 g6 23. Rad1 Bg4 24. Bf3 Bxf3 25. Qxf3 Bg7 26. a4 Re6 27. b5 c5
28. a5 h5 29. Bd2 Rd6 30. Bg5 f6 31. Be3 b6 32. axb6 axb6 33. Rd2 Rxd3 34. Red1
Rxd2 35. Rxd2 Qe7 36. Qc6 Rxd2 37. Bxd2 Qd8 38. Be3 1/2-1/2

[Event "12th Philadelphia Open"]
[Site "Philadelphia"]
[Date "2018.03.31"]
[Round "7"]
[White "Tian, Eddy"]
[Black "Kretchetov, Alexandre"]
[Result "1/2-1/2"]
[ECO "C60"]
[WhiteElo "1921"]
[BlackElo "2244"]
[PlyCount "114"]
[EventDate "2018.03.??"]
[EventType "swiss"]
[EventRounds "9"]
[EventCountry "USA"]
[TimeControl "5400+30"]

1. e4 e5 2. Nf3 Nc6 3. Bb5 g6 4. d4 exd4 5. Bg5 Be7 6. Bxe7 Qxe7 7. Bxc6 dxc6
8. Qxd4 Nf6 9. Nc3 Bg4 10. Nd2 c5 11. Qe3 O-O-O 12. h3 Bd7 13. O-O-O Bc6 14. f3
Rhe8 15. Rhe1 b6 16. Nf1 Nd7 17. Rd2 f6 18. Qe2 Bb7 19. Ne3 Ne5 20. Red1 Nc6
21. Rxd8+ Rxd8 22. Ncd5 Qe6 23. c3 Ne5 24. a3 c6 25. Nf4 Qa2 26. Rxd8+ Kxd8 27.
Qd2+ Ke7 28. Nd3 Nc4 29. Nxc4 Qxc4 30. e5 Ba6 31. exf6+ Kxf6 32. Nf4 Ke5 33.
Qe3+ Kf6 34. h4 h6 35. Kc2 g5 36. hxg5+ hxg5 37. Nh5+ Kg6 38. Ng3 Qd5 39. Qe4+
Qxe4+ 40. fxe4 Kf6 41. Kd2 Ke5 42. Ke3 Bc4 43. Nh1 Bf1 44. g3 c4 45. Nf2 c5 46.
Ng4+ Ke6 47. Nh2 Bg2 48. Nf3 Kf6 49. Nd2 b5 50. a4 a6 51. axb5 axb5 52. Kf2 Bh3
53. Kf3 Bc8 54. Nf1 Ke5 55. Ne3 Bb7 56. Ng4+ Ke6 57. Nf2 Kf6 1/2-1/2

[Event "12th Philadelphia Open"]
[Site "Philadelphia"]
[Date "2018.03.31"]
[Round "7"]
[White "Turgut, Aydin"]
[Black "Saravanan, V."]
[Result "1/2-1/2"]
[ECO "B90"]
[WhiteElo "2190"]
[BlackElo "2326"]
[PlyCount "60"]
[EventDate "2018.03.??"]
[EventType "swiss"]
[EventRounds "9"]
[EventCountry "USA"]
[TimeControl "5400+30"]

1. e4 c5 2. Nf3 d6 3. d4 cxd4 4. Nxd4 Nf6 5. Nc3 a6 6. h3 e5 7. Nde2 b5 8. g4
Bb7 9. Bg2 h6 10. O-O Nbd7 11. Ng3 Rc8 12. f4 b4 13. Nd5 Nxd5 14. exd5 Be7 15.
Nf5 O-O 16. g5 hxg5 17. fxg5 g6 18. Nh6+ Kg7 19. Qg4 Nb6 20. Qh4 Rc4 21. Ng4
Nxd5 22. Bxd5 Qb6+ 23. Rf2 Rh8 24. Be3 Rxh4 25. Rxf7+ Kh8 26. Bxb6 Bxd5 27.
Rxe7 Rcxg4+ 28. hxg4 Rh1+ 29. Kf2 Rxa1 30. Bc7 Be4 1/2-1/2

[Event "12th Philadelphia Open"]
[Site "Philadelphia"]
[Date "2018.03.31"]
[Round "7"]
[White "Wang, Qibiao"]
[Black "Yanovsky, Vlad"]
[Result "1-0"]
[ECO "A49"]
[WhiteElo "2324"]
[BlackElo "2112"]
[PlyCount "67"]
[EventDate "2018.03.??"]
[EventType "swiss"]
[EventRounds "9"]
[EventCountry "USA"]
[TimeControl "5400+30"]

1. d4 Nf6 2. Nf3 g6 3. g3 Bg7 4. Bg2 O-O 5. O-O d6 6. b3 Nc6 7. Bb2 e5 8. dxe5
Ng4 9. c4 Ngxe5 10. Nxe5 dxe5 11. Nc3 Nd4 12. e3 Nf5 13. Ba3 Re8 14. Qxd8 Rxd8
15. Rad1 Rxd1 16. Rxd1 Bf6 17. Ne4 Be7 18. Bxe7 Nxe7 19. Nf6+ Kg7 20. Ne8+ Kh6
21. Nxc7 Bg4 22. Nxa8 Bxd1 23. Bxb7 Bc2 24. f3 Bb1 25. a3 Ba2 26. Nc7 Bxb3 27.
c5 Kg7 28. Nb5 a5 29. e4 Kf6 30. Nc7 Ba4 31. Kf2 Bc6 32. Ba6 Ng8 33. Nd5+ Ke6
34. Bc8+ 1-0

[Event "12th Philadelphia Open"]
[Site "Philadelphia"]
[Date "2018.03.31"]
[Round "7"]
[White "Yanayt, Eugene"]
[Black "Peng, Shunkai"]
[Result "1/2-1/2"]
[ECO "E10"]
[WhiteElo "2127"]
[BlackElo "2291"]
[PlyCount "139"]
[EventDate "2018.03.??"]
[EventType "swiss"]
[EventRounds "9"]
[EventCountry "USA"]
[TimeControl "5400+30"]

1. d4 Nf6 2. c4 e6 3. Nf3 d5 4. g3 Be7 5. Bg2 O-O 6. O-O dxc4 7. Na3 Bxa3 8.
bxa3 Bd7 9. Ne5 Bc6 10. Nxc6 Nxc6 11. Bb2 Nd5 12. Rc1 Nb6 13. e3 Qg5 14. a4
Rfd8 15. Bc3 a5 16. Rb1 Qe7 17. Qc1 Ra7 18. Rb5 Nd5 19. Rc5 Ncb4 20. Qa3 Qd7
21. Rxc4 Nb6 22. Rc5 Nxa4 23. Bc6 Nxc6 24. Qxa4 Nb4 25. Qxd7 Rxd7 26. Bxb4 axb4
27. Rb1 Rxa2 28. Rxb4 c6 29. Rxc6 g6 30. Rc8+ Kg7 31. Rb8 Rc7 32. d5 e5 33. d6
Rd7 34. R8xb7 Rxd6 35. Rb2 Rd1+ 36. Kg2 Raa1 37. Re7 Rg1+ 38. Kf3 Ra6 39. Rxe5
Rf6+ 40. Kg4 Rg2 41. Kh3 Rgxf2 42. Rxf2 Rxf2 43. g4 Kf6 44. Re4 Rd2 45. Kg3 Rd5
46. h4 h6 47. Kf4 Rd1 48. Kg3 Rd2 49. h5 gxh5 50. Rf4+ Ke6 51. gxh5 Rd5 52.
Re4+ Kf6 53. Rf4+ Kg7 54. Kg4 Rg5+ 55. Kh4 Re5 56. e4 Kf8 57. Rg4 Ke7 58. Rf4
f6 59. Rg4 Rg5 60. Rg3 Ke6 61. Ra3 Rg1 62. Ra7 Ke5 63. Rf7 Re1 64. Kg3 Rg1+ 65.
Kh3 Rh1+ 66. Kg4 Re1 67. Re7+ Kd6 68. Rh7 Ke6 69. Kf4 Rf1+ 70. Ke3 1/2-1/2

[Event "12th Philadelphia Open"]
[Site "Philadelphia"]
[Date "2018.03.31"]
[Round "7"]
[White "Yip, Carissa"]
[Black "Tang, Andrew"]
[Result "1-0"]
[ECO "E04"]
[WhiteElo "2290"]
[BlackElo "2509"]
[PlyCount "93"]
[EventDate "2018.03.??"]
[EventType "swiss"]
[EventRounds "9"]
[EventCountry "USA"]
[TimeControl "5400+30"]

1. d4 d5 2. c4 e6 3. Nf3 Nf6 4. g3 dxc4 5. Bg2 Nc6 6. Qa4 Bd6 7. Qxc4 O-O 8.
O-O e5 9. dxe5 Nxe5 10. Nxe5 Bxe5 11. Nc3 c6 12. Rd1 Qe7 13. e4 Be6 14. Qe2
Rfd8 15. Be3 Ng4 16. Rxd8+ Rxd8 17. Bxa7 b5 18. Bb6 Rb8 19. Be3 Nxe3 20. Qxe3
Rd8 21. a3 Bd4 22. Qf3 b4 23. axb4 Qxb4 24. Rb1 Bb3 25. Rc1 Be6 26. Rb1 h6 27.
h4 Bb3 28. Rc1 Ba7 29. Qf4 Be6 30. Rc2 Rd3 31. Kh2 Bb8 32. e5 Rd4 33. Qe3 Ba7
34. Qf3 Qb3 35. Re2 Bg4 36. Qxc6 Bxe2 37. Qe8+ Kh7 38. Nxe2 Rb4 39. Qd7 Qc4 40.
Nc3 Bxf2 41. Qf5+ Kg8 42. Qxf2 Qb3 43. Nd5 Qxb2 44. Ne7+ Kf8 45. Qc5 Rb7 46.
Ng6+ Kg8 47. Qc8+ 1-0